Map: Deathaura LE

Players

Massa

  • Race: Terran Terran
  • League: Platinum
  • Spawn Location: 11:00

Taro - Winner!

  • Race: Zerg Zerg
  • League: Platinum
  • Spawn Location: 5:00

VOD

Have the link to the VOD?

Description

Time

  • Played on: Jan. 12, 2021, 11:52 a.m.
  • Length: 7:46
Show
View Real Time Build Order
Export as new Build Order

Massa Terran 

Build Orders:  

Get SALT Encoding   

  12  0:00  SCV  
  13  0:12  SCV  
  14  0:20  Supply Depot  
  14  0:24  SCV  
  15  0:42  SCV  
  16  0:45  Barracks  
  16  0:55  Barracks  
  16  1:04  Refinery  
  16  1:08  Refinery  
  16  1:10  SCV  
  17  1:22  SCV  
  18  1:32  Marine  
  19  1:34  SCV  
  19  1:50  Marine  
  20  1:56  Marine  
  21  2:05  Bunker  
  21  2:07  Marine  
  22  2:14  Marine  
  18  2:45  Orbital Command  
  18  2:51  Barracks x2  
  17  2:53  Barracks  
  17  3:05  Supply Depot x2  
  17  3:11  Supply Depot  
  17  3:14  SCV  
  17  3:17  Factory  
  17  3:40  Marine x3  
  20  3:56  SCV  
  21  4:13  Marine x2  
  23  4:25  SCV  
  23  4:30  Hellion  
  26  4:52  Factory  
  26  4:58  Hellion  
  28  5:00  Marine x4  
  28  5:01  Marine  
  33  5:18  Marine  
  32  5:23  Hellion  
  32  5:24  SCV  
  35  5:29  Marine x4  
  39  5:36  Marine  
  39  5:37  Hellion  
  42  5:45  Supply Depot  
  42  5:47  Marine x3  
  45  6:02  Hellion  
  47  6:07  Hellion  
  49  6:17  Command Center  
  30  6:38  Marine x2  
  30  6:39  Marine x2  
  31  6:40  Marine  
  31  6:46  SCV  
  33  6:53  Starport  
  33  6:56  Marine x3  
  33  6:57  Marine  
  33  6:59  Barracks Tech Lab  
  37  7:02  SCV  
  37  7:05  Widow Mine  
  37  7:06  Widow Mine  
  40  7:19  Marine  
  40  7:20  Marine x2  
  34  7:44  Bunker  
Show
View Real Time Build Order
Export as new Build Order

Taro Zerg - Winner!

Build Orders: Hatch First 

Get SALT Encoding   

  12  0:00  Drone  
  13  0:12  Overlord  
  13  0:16  Drone  
  14  0:31  Drone x2  
  16  0:49  Hatchery  
  15  0:52  Drone  
  15  0:56  Drone  
  17  0:59  Drone  
  18  1:10  Extractor  
  17  1:15  Spawning Pool  
  16  1:26  Drone x2  
  18  1:47  Drone x2  
  20  2:01  Queen x2  
  24  2:10  Zergling x6  
  25  2:23  Zergling x6  
  28  2:34  Spine Crawler  
  27  2:54  Overlord x3  
  27  3:02  Metabolic Boost  
  27  3:13  Drone  
  27  3:14  Drone x3  
  31  3:30  Drone x4  
  31  3:31  Drone  
  36  3:38  Drone x2  
  38  3:53  Drone x2  
  38  3:54  Hatchery  
  39  4:05  Drone x2  
  39  4:06  Drone x3  
  43  4:21  Drone x5  
  48  4:29  Drone, Extractor x2  
  47  4:49  Roach Warren  
  46  4:54  Overlord x5  
  46  5:29  Roach x3  
  46  5:30  Roach x3  
  46  5:31  Roach x4  
  46  5:35  Queen  
  68  5:43  Drone x3, Evolution Chamber  
  70  5:56  Ravager x2  
  70  5:57  Ravager  
  73  5:59  Drone  
  73  6:00  Drone x6  
  76  6:10  Roach x2  
  76  6:11  Roach x2  
  84  6:20  Ravager  
  83  6:29  Ravager  
  77  6:37  Zergling x12  
  77  6:38  Zergling x4  
  85  6:46  Queen  
  87  6:54  Zergling x6  
  89  6:55  Overlord  
  89  6:56  Overlord  
  90  7:04  Overlord x3  
  89  7:28  Zergling x6  
Tags
 
Matchup
TvZ
Replay Pack
Multiplayer
Spawn Locations
Cross Positions
Add a new tag
Caveats
  • Supply blocks, unpowered buildings, or Contaminate may cause inaccurate times.
  • Supply counts are checked every 10 seconds.